 Dungeon Crawl Stone Soup version 0.24-a0-512-g2b48af375b (webtiles) character file.

Game seed: 4231574465219784231

4939 ostoppbardval the Sneak (level 10, -1/79 HPs)
             Began as a Demonspawn Monk on July 20, 2019.
             Was an Elder of Ru.
             Slain by a killer bee (6 damage)
             ... on level 9 of the Dungeon.
             The game lasted 00:33:35 (7956 turns).

ostoppbardval the Sneak (Demonspawn Monk)           Turns: 7956, Time: 00:33:38

Health: -1/79      AC:  7    Str: 21    XL:     10   Next: 28%
Magic:  11/11      EV: 14    Int: 11    God:    Ru [****..]
Gold:   509        SH: 10    Dex: 19    Spells: 9/10 levels left

rFire    . . .     SeeInvis .   g - +6 flail of the Globe {crush, Str+6}
rCold    . . .     Gourm    .   r - +0 shield
rNeg     . . .     Faith    .   x - +2 robe {MR+}
rPois    .         Spirit   .   (helmet restricted)
rElec    .         Reflect  .   (no cloak)
rCorr    +         Harm     .   (no gloves)
MR       +....                  (no boots)
Stlth    +++.......             (no amulet)
HPRegen  1.23/turn              m - ring of resist corrosion
MPRegen  0.12/turn              h - +3 ring of strength

@: lethally poisoned (-1 -> -1), no potions
A: antennae 1, rugged brown scales 3, demonic guardian 1, powered by death 1,
inability to drink while threatened, inability to train armour, unskilled 1
a: Sacrifice Stealth, Sacrifice Arcana, Sacrifice Artifice, Reject Sacrifices,
Draw Out Power, Power Leap, Renounce Religion


You were on level 9 of the Dungeon.
You worshipped Ru.
Ru was greatly pleased with you.
You were not hungry.

You visited 1 branch of the dungeon, and saw 9 of its levels.

You collected 509 gold pieces.

Inventory:

Hand Weapons
 a - a +0 spear
 g - the +6 flail of the Globe (weapon) {crush, Str+6}
   (You took it off an orc priest on level 6 of the Dungeon)

   It inflicts extra damage upon your enemies.
   It affects your strength (+6).
 j - a +1 short sword of draining
 w - a +1 long sword of protection
 z - the +5 flail of Anguish {freeze, +Blink rN+ Dex+4}
   (You found it on level 7 of the Dungeon)

   It has been specially enchanted to freeze those struck by it, causing extra
   injury to most foes and up to half again as much damage against particularly
   susceptible opponents.
   It can also slow down cold-blooded creatures.
   It affects your dexterity (+4).
   It protects you from negative energy.
   It lets you blink.
 D - a +4 great sword
Armour
 b - a +0 robe
 n - a +0 leather armour
 r - a +0 shield (worn)
 x - a +2 robe of magic resistance (worn)
Jewellery
 h - a +3 ring of strength (right hand)
 m - a ring of resist corrosion (left hand)
 v - an uncursed ring of flight
 F - an uncursed ring of protection from cold {unknown}
Wands
 i - a wand of polymorph (4)
 l - a wand of paralysis (6)
 p - a wand of flame (22)
 y - a wand of disintegration (13)
Scrolls
 d - 13 scrolls of identify
 k - a scroll of magic mapping
 o - a scroll of noise {unknown}
 q - 3 scrolls of remove curse
 A - a scroll of teleportation
 B - 3 scrolls of amnesia
 C - a scroll of fear
 E - a scroll of immolation {unknown}
Potions
 e - 2 potions of might
 f - 5 potions of brilliance
 s - 2 potions of degeneration
 t - a potion of flight
 u - a potion of magic {unknown}
 H - a potion of heal wounds
 I - a potion of curing
Comestibles
 c - 15 rations
 G - 4 chunks of flesh


   Skills:
 + Level 5.5 Fighting
 + Level 5.9 Short Blades
 + Level 5.3 Maces & Flails
 + Level 2.9 Polearms
 + Level 5.7 Dodging
 + Level 6.1 Stealth
 + Level 3.2 Shields
 + Level 0.8 Spellcasting
 + Level 1.1 Hexes


You had 9 spell levels left.
You knew the following spells:

 Your Spells              Type           Power        Failure   Level  Hunger
a - Corona                Hex            #......      67%         1    ##.....

Your spell library contained the following spells:

 Spells                   Type           Power        Failure   Level  Hunger
 Confusing Touch          Hex            #.....       67%         1    ##.....
 Slow                     Hex            #.......     80%         2    ###....
 Magic Dart               Conj           #...         83%         1    ##.....
 Shock                    Conj/Air       #...         83%         1    ##.....
 Summon Small Mammal      Summ           #...         83%         1    ##.....
 Ensorcelled Hibernation  Hex/Ice        #.....       87%         2    ###....
 Blink                    Tloc           N/A          92%         2    ###....
 Call Imp                 Summ           #.......     92%         2    ###....
 Swiftness                Chrm/Air       #.......     92%         2    ###....
 Confuse                  Hex            #.......     95%         3    ####...
 Tukima's Dance           Hex            #.......     95%         3    ####...
 Dazzling Spray           Conj/Hex       #.....       98%         3    ####...
 Summon Guardian Golem    Hex/Summ       #.......     98%         3    ####...
 Call Canine Familiar     Summ           #.......     99%         3    ####...
 Conjure Flame            Conj/Fire      #.......     99%         3    ####...
 Gell's Gravitas          Tloc           #.........   99%         3    ####...
 Mephitic Cloud           Conj/Pois/Air  #.......     99%         3    ####...
 Static Discharge         Conj/Air       #.......     99%         3    ####...
 Airstrike                Air            #.........   100%        4    #####..
 Petrify                  Tmut/Erth      #.......     100%        4    #####..
 Summon Ice Beast         Ice/Summ       #.......     100%        4    #####..
 Summon Lightning Spire   Summ/Air       #.......     100%        4    #####..
 Lightning Bolt           Conj/Air       #.........   100%        5    ######.
 Metabolic Englaciation   Hex/Ice        #.........   100%        5    ######.
 Yara's Violent Unravell  Hex/Tmut       #.........   100%        5    ######.


Dungeon Overview and Level Annotations

Branches:
Dungeon (9/15)             Temple (0/1) D:6
   Lair: D:8-11         Orc: D:9-12

Altars:
Ashenzari
Elyvilon
Kikubaaqudgha
Nemelex Xobeh
Okawaru
Ru
Sif Muna
Uskayaw
Vehumet
Xom
Zin
The Shining One


Innate Abilities, Weirdness & Mutations

You have a pair of small antennae on your head.
You are completely covered in rugged brown scales. (AC +3, +7% HP)
A weak demonic guardian rushes to your aid.
You regenerate a little health from kills.
You cannot drink potions while threatened.
You cannot train Armour skill.
You are somewhat unskilled. (-1 Apt)


Message History

Your ufetubus closely misses the killer bee. x2
You cannot drink potions in your current state!
You closely miss the killer bee.
The killer bee is severely wounded.
You feel sick. The killer bee barely misses you. The killer bee stings you.
* * * LOW HITPOINT WARNING * * *
You block the killer bee's attack. x2
Your ufetubus hits the killer bee but does no damage.
Your ufetubus barely misses the killer bee.
The killer bee stings you but does no damage.
Your shadow imp misses the killer bee.
You redirect the killer bee's attack!
The killer bee misses itself.
You bludgeon the killer bee!!
You kill the killer bee!
You can drink potions again.
You feel sick.
Your ufetubus misses the killer bee. Your ufetubus hits the killer bee.
The killer bee stings you.
You feel threatened and lose the ability to drink potions!
You die...

#..###.........#.##.#
#...##.##y#.###..# .#
#......##5..# ..## .#
###....##..## .## #
#....#yy.# #.
#....#..## #. #..#.y..#
##y#.#..# ##..
####@#.#..##....
##...5y..........
##..5.5...........
#.................
#..................####
#............#.........
##...[....).## ........
##...#.....# .....<..
#.........###.#......


You could see 2 killer bees, a friendly quasit, a friendly shadow imp and a
friendly ufetubus.

Vanquished Creatures
  A troll (D:5)
  A queen bee (D:8)
  6 yaks (D:9)
  3 orc warriors
  A sky beast (D:8)
  3 ogres
  A phantom (D:7)
  5 centaurs
  A big kobold (D:7)
  2 bullfrogs
  6 wights
  20 killer bees
  A centaur zombie (D:8)
  5 crimson imps
  A bullfrog zombie (D:5)
  A jelly (D:7)
  6 hounds
  5 orc wizards
  3 orc priests
  2 iguanas (D:8)
  4 worker ants
  A killer bee zombie (D:8)
  A hound skeleton (D:4)
  A worker ant zombie (D:8)
  3 gnolls (D:6)
  10 adders
  2 howler monkey skeletons
  2 shadow imps
  2 oozes (D:4)
  An adder skeleton (D:7)
  3 worms
  3 dart slugs
  7 leopard geckos
  29 orcs
  A ball python (D:2)
  7 giant cockroaches
  12 goblins
  9 hobgoblins
  7 jackals
  3 quokkas
  4 bats
  6 frilled lizards
  A jackal skeleton (D:5)
  15 kobolds
  A leopard gecko skeleton (D:7)
  5 rats
214 creatures vanquished.

Vanquished Creatures (collateral kills)
  A phantom (D:5)
  2 killer bees
  A crimson imp (D:8)
  2 hounds
  An orc priest (D:6)
  An orc wizard (D:5)
  A howler monkey zombie (D:5)
  A leopard gecko (D:6)
  5 orcs
  A giant cockroach (D:5)
16 creatures vanquished.

Vanquished Creatures (others)
  A bullfrog (D:8)
  A killer bee (D:8)
2 creatures vanquished.

Grand Total: 232 creatures vanquished

Notes
Turn   | Place    | Note
-------+----------+-------------------------------------------
     0 | D:1      | ostoppbardval the Demonspawn Monk began the quest for the
                  | Orb.
     0 | D:1      | Reached XP level 1. HP: 18/18 MP: 1/1
   130 | D:1      | Gained mutation: You have a pair of small antennae on your
                  | head. [demonic ancestry]
   130 | D:1      | Reached XP level 2. HP: 15/24 MP: 2/2
   870 | D:1      | Gained mutation: You are partially covered in rugged brown
                  | scales. (AC +1, +3% HP) [demonic ancestry]
   870 | D:1      | Reached XP level 3. HP: 24/29 MP: 3/3
  1006 | D:1      | Reached skill level 2 in Stealth
  1407 | D:2      | Found a sacrificial altar of Ru.
  1424 | D:2      | Became a worshipper of Ru the Awakened
  1436 | D:2      | Gained mutation: You cannot train Armour skill. [Ru
                  | sacrifice]
  1436 | D:2      | Reached * piety under Ru
  1513 | D:2      | Reached XP level 4. HP: 17/36 MP: 4/4
  1697 | D:2      | Reached skill level 1 in Short Blades
  2958 | D:4      | Gained mutation: You regenerate a little health from kills.
                  | [demonic ancestry]
  2958 | D:4      | Reached XP level 5. HP: 27/42 MP: 5/5
  3250 | D:4      | Reached skill level 3 in Stealth
  3389 | D:4      | Noticed an orc warrior
  3411 | D:4      | Killed an orc warrior
  3411 | D:4      | Gained mutation: A weak demonic guardian rushes to your
                  | aid. [demonic ancestry]
  3411 | D:4      | Reached XP level 6. HP: 31/49 MP: 6/6
  3502 | D:4      | Found an ancient bone altar of Kikubaaqudgha.
  3507 | D:4      | Found a deep blue altar of Sif Muna.
  3509 | D:4      | Found a radiant altar of Vehumet.
  3514 | D:4      | Identified Sif Muna's Compendium of Execration
  3679 | D:4      | Gained mutation: You are somewhat unskilled. (-1 Apt) [Ru
                  | sacrifice]
  3679 | D:4      | Reached ** piety under Ru
  3679 | D:4      | Reached *** piety under Ru
  4081 | D:5      | Entered Level 5 of the Dungeon
  4113 | D:5      | Reached XP level 7. HP: 38/54 MP: 7/7
  4505 | D:5      | Noticed a troll
  4528 | D:5      | Killed a troll
  4528 | D:5      | Reached skill level 4 in Stealth
  4528 | D:5      | Gained mutation: You are mostly covered in rugged brown
                  | scales. (AC +2, +5% HP) [demonic ancestry]
  4528 | D:5      | Reached XP level 8. HP: 39/63 MP: 8/8
  4588 | D:5      | Reached skill level 5 in Short Blades
  4807 | D:5      | Found an iron altar of Okawaru.
  4807 | D:5      | Found a hide-covered altar of Uskayaw.
  4955 | D:6      | Identified the +6 flail of the Globe {crush, Str+6}
  4962 | D:6      | Reached skill level 5 in Stealth
  5023 | D:6      | Reached skill level 1 in Shields
  5391 | D:6      | Found a staircase to the Ecumenical Temple.
  5575 | D:7      | Gained mutation: You are completely covered in rugged brown
                  | scales. (AC +3, +7% HP) [demonic ancestry]
  5575 | D:7      | Reached XP level 9. HP: 64/70 MP: 9/9
  5599 | D:7      | Found a white marble altar of Elyvilon.
  5600 | D:7      | Found a glowing golden altar of the Shining One.
  5600 | D:7      | Found a glowing silver altar of Zin.
  5631 | D:7      | Reached skill level 1 in Maces & Flails
  5640 | D:7      | Reached skill level 5 in Dodging
  5819 | D:7      | Gained mutation: You cannot drink potions while threatened.
                  | [Ru sacrifice]
  5819 | D:7      | Reached **** piety under Ru
  5831 | D:7      | Got an ancient flail
  5832 | D:7      | Identified the +5 flail of Anguish {freeze, +Blink rN+
                  | Dex+4} (You found it on level 7 of the Dungeon)
  6015 | D:7      | Learned a level 1 spell: Corona
  6094 | D:7      | Reached skill level 5 in Fighting
  6499 | D:7      | Found a shimmering altar of Xom.
  6508 | D:7      | Found a shattered altar of Ashenzari.
  6560 | D:7      | Found a sparkling altar of Nemelex Xobeh.
  6897 | D:8      | Noticed a queen bee
  6917 | D:8      | Killed a queen bee
  6930 | D:8      | Reached skill level 1 in Hexes
  7761 | D:9      | Reached XP level 10. HP: 62/79 MP: 11/11
  7884 | D:9      | Reached skill level 5 in Maces & Flails
  7884 | D:9      | Reached skill level 6 in Stealth
  7956 | D:9      | Slain by a killer bee

Levels and vault maps discovered:
D:1:      mainiacjoe_arrival_reflecting_pool, layout_basic
D:2:      minmay_door_path, layout_basic, nicolae_overflow_crystal_walls,
          minmay_fractal_squares_5
D:3:      layout_loops_ring
D:4:      layout_basic, grunt_temple_overflow_magic_moments, first_ration
D:5:      layout_rooms, gammafunk_temple_overflow_wave, roderic_serpentine_path,
          grunt_ministairs_1
D:6:      layout_rooms, minmay_temple_entry_hall
D:7:      layout_rooms, good_gods_temple_1, amethyst_overflow_temple_binary,
          nemelex_altar_shiori, serial_rivers, chequers_serial_rivers_micro_c,
          chequers_serial_rivers_micro_c, chequers_serial_rivers_small_a,
          chequers_serial_rivers_large_a, chequers_serial_rivers_micro_e
D:8:      layout_basic, david_nohive_1, minmay_crystal_room
D:9:      layout_rooms, lemuel_doored_altar, uniq_prince_ribbit1

Skill      XL: |  1  2  3  4  5  6  7  8  9 10 |
---------------+-------------------------------+-----
Dodging        | 3 4 5 |  5.7
Polearms       | 3 2 |  2.9
Stealth        | 2 3 4 5 6 |  6.1
Short Blades   | 1 2 3 4 5 |  5.9
Fighting       | 4 5 |  5.5
Shields        | 1 2 3 |  3.2
Maces & Flails | 4 5 |  5.3
Hexes          | 1 |  1.1
Spellcasting   | |  0.8

Action                   |  1- 3 |  4- 6 |  7- 9 | 10-12 || total
-------------------------+-------+-------+-------+-------++-------
Melee: Spear             |    37 |       |       |       ||    37
       Short sword       |    92 |   179 |   195 |       ||   466
       Flail             |       |       |   226 |    56 ||   282
 Cast: Corona            |       |       |     1 |       ||     1
Invok: Sacrifice Durabil |     1 |       |       |       ||     1
       Sacrifice Skill   |       |     1 |       |       ||     1
       Sacrifice Drink   |       |       |     1 |       ||     1
  Use: Potion            |       |    10 |     5 |       ||    15
       Scroll            |       |     6 |     2 |       ||     8
 Stab: Sleeping          |     6 |     4 |    16 |       ||    26
       Distracted        |     2 |     3 |     6 |     2 ||    13
       Invisible         |       |     1 |     1 |     2 ||     4
  Eat: Chunk             |     2 |     8 |     7 |       ||    17
       Ration            |       |       |     2 |       ||     2
Armor: Scale mail        |     8 |       |       |       ||     8
       Robe              |     3 |       |    37 |     5 ||    45
       Leather armour    |    11 |    34 |    38 |       ||    83
Dodge: Dodged            |    64 |   118 |   239 |    45 ||   466
Block: Shield            |       |       |   142 |    34 ||   176

Table legend:
 A = Non-vault XP
 B = Vault XP
 C = Vault XP percentage of total XP
 D = Non-vault monster count
 E = Vault monster count
 F = Vault count percentage of total count
                 A         B        C        D         E       F
            +---------+---------+-------+---------+---------+-------
      Total |    5880 |    1176 |  16.7 |     203 |      29 |  12.5
            +---------+---------+-------+---------+---------+-------
        D:1 |      44 |       0 |   0.0 |      24 |       0 |   0.0
        D:2 |      42 |      38 |  47.5 |      16 |      12 |  42.9
        D:3 |      49 |       0 |   0.0 |      11 |       0 |   0.0
        D:4 |     408 |       0 |   0.0 |      23 |       0 |   0.0
        D:5 |    1180 |     111 |   8.6 |      33 |       2 |   5.7
        D:6 |     920 |       0 |   0.0 |      30 |       0 |   0.0
        D:7 |     941 |       0 |   0.0 |      31 |       0 |   0.0
        D:8 |     693 |    1027 |  59.7 |      19 |      15 |  44.1
        D:9 |    1603 |       0 |   0.0 |      16 |       0 |   0.0
            +---------+---------+-------+---------+---------+-------
